 Dungeon Crawl Stone Soup version 0.20.0-8-g6b59dc7 (webtiles) character file.

1512 Rrauwl the Spear-Bearer (level 8, -5/70 HPs)
             Began as a Minotaur Wanderer on May 30, 2017.
             Shot with a sling bullet by Joseph (6 damage)
             ... on level 7 of the Dungeon.
             The game lasted 00:17:58 (5347 turns).

Rrauwl the Spear-Bearer (Minotaur Wanderer)         Turns: 5347, Time: 00:17:58

Health: -5/70      AC: 13    Str: 20    XL:     8   Next: 53%
Magic:  0/8        EV:  7    Int:  6    God:
Gold:   411        SH:  5    Dex: 12    Spells: 6/7 levels left

rFire    + . .     SeeInvis +   a - +2 spear
rCold    . . .     Gourm    .   (no shield)
rNeg     . . .     Faith    .   s - +0 plate armour
rPois    .         Spirit   +   (helmet unavailable)
rElec    .         Reflect  +   x - scarf {Spirit}
rCorr    .         Harm     .   (no gloves)
MR       +....                  g - +0 pair of boots
Stlth    ..........             k - +5 amulet of reflection
Regen    0.3/turn               d - ring of protection from fire
MPRegen  0.2/turn               v - ring of see invisible

@: no status effects
A: retaliatory headbutt, horns 3, rugged brown scales 1, magic resistance 1,
subdued magic 1
a: no special abilities


You were on level 7 of the Dungeon.
You were not hungry.

You visited 2 branches of the dungeon, and saw 8 of its levels.

You collected 411 gold pieces.

Inventory:

Hand Weapons
 a - a +2 spear (weapon)
Armour
 g - a +0 pair of boots (worn)
 l - a +0 leather armour
 s - a +0 plate armour (worn)
 x - a scarf of spirit shield (worn)
Jewellery
 d - a ring of protection from fire (left hand)
 k - a +5 amulet of reflection (around neck)
 t - an uncursed amulet of magic regeneration
 v - a ring of see invisible (right hand)
Wands
 c - a wand of random effects (14/48)
 r - a wand of scattershot (9/9)
Scrolls
 e - a scroll of immolation
 i - a scroll of identify
 m - 7 scrolls of teleportation
 n - 2 scrolls of remove curse
 o - a scroll of fog
Potions
 j - a potion of brilliance
Books
 h - a book of Cantrips

   Spells                             Type                      Level
   a - Confusing Touch                Hexes                        1
   b - Animate Skeleton               Necromancy                   1
   c - Summon Small Mammal            Summoning                    1
   d - Apportation                    Translocation                1
Comestibles
 b - a meat ration
 f - 4 bread rations
 p - 2 fruits
 q - a royal jelly
 w - 7 chunks of flesh
 z - 4 mutagenic chunks of flesh


   Skills:
 - Level 5.0 Fighting
 + Level 11.3 Polearms
 + Level 2.9 Armour
 + Level 3.2 Dodging
 - Level 1.0 Stealth
   Level 2.4 Transmutations
 - Level 2.0 Evocations


You had 6 spell levels left.
You knew the following spells:

 Your Spells              Type           Power        Failure   Level  Hunger
a - Apportation           Tloc           #.....       100%        1    ##.....


Dungeon Overview and Level Annotations

Branches:
Dungeon (7/15)             Temple (1/1) D:5

Altars:
Ashenzari
Cheibriados
Dithmenos
Elyvilon
Fedhas
Gozag
Hepliaklqana
Kikubaaqudgha
Makhleb
Nemelex Xobeh
Okawaru
Qazlal
Ru
Sif Muna
Trog
Uskayaw
Vehumet
Xom
Yredelemnul
Zin
The Shining One

Shops:
D:5 %

Annotations:
D:7 1 runed door, Joseph


Innate Abilities, Weirdness & Mutations

You reflexively headbutt those who attack you in melee.
You have a pair of large horns on your head.
You are partially covered in rugged brown scales. (AC +1, +3% HP)
You are resistant to hostile enchantments. (MR+)
Your spells are a little easier to cast, but a little less powerful.


Message History

You reach to attack!
You hit Joseph.
Joseph is heavily wounded.
Joseph shoots a sling bullet.
The sling bullet hits you!
Attack whom?
Press: ? - help, Dir - move target cursor, f/p - Joseph
Aim: Joseph, wielding a hunting sling of velocity and wearing a ring mail (heavily wounded)
You reach to attack!
You hit Joseph.
Joseph is heavily wounded.
Attack whom?
Press: ? - help, Dir - move target cursor, f/p - Joseph
Aim: Joseph, wielding a hunting sling of velocity and wearing a ring mail (heavily wounded)
You reach to attack!
You hit Joseph but do no damage.
Joseph is heavily wounded.
Joseph shoots a sling bullet.
The sling bullet hits you!!
* * * LOW HITPOINT WARNING * * *
x2 Some of the chunks of flesh in your inventory have rotted away.
Unknown command.
You feel better.
Joseph shoots a sling bullet.
The sling bullet hits you!
* * * LOW HITPOINT WARNING * * *
You die...

.........# #
....8....##.#
............#
#........####
#..._......#
......##.#.# #
...##..(.#.###..
.........#......
...##..@....#
#.......#
###.#@#.#
#.#.#.# #.#.# #
#.!(. ###.# .#
..


You could see Joseph.

Vanquished Creatures
  The ghost of IcySystem the Chiller, an amateur OpIE (D:3)
  Duvessa (D:7)
  An orc warrior (D:6)
  A sky beast (D:7)
  A gnoll sergeant (D:6)
  Dowan (D:7)
  3 killer bees (D:7)
  4 crimson imps
  A bullfrog zombie (D:6)
  A bullfrog skeleton (D:4)
  3 orc priests
  4 iguanas
  4 orc wizards
  A worker ant (D:4)
  Robin (D:3)
  12 gnolls
  6 adders
  A howler monkey skeleton (D:6)
  A shadow imp (D:7)
  A worm (D:3)
  A dart slug (D:1)
  2 leopard geckos (D:6)
  26 orcs
  6 bats
  3 giant cockroaches
  10 goblins
  15 hobgoblins
  6 jackals
  6 kobolds
  2 quokkas
  A ball python skeleton (D:4)
  3 frilled lizards
  A jackal zombie (D:4)
  7 rats
138 creatures vanquished.

Vanquished Creatures (others)
  A scorpion (D:4)
  2 orc wizards (D:4)
  2 orcs (D:4)
  A quokka (D:4)
6 creatures vanquished.

Grand Total: 144 creatures vanquished

Notes
Turn   | Place    | Note
-------+----------+-------------------------------------------
     0 | D:1      | Rrauwl the Minotaur Wanderer began the quest for the Orb.
     0 | D:1      | Rrauwl set off with: a +2 spear, a potion of lignification, a wand of random effects (15/48), a +0 robe, a bread ration
     0 | D:1      | Reached XP level 1. HP: 22/22 MP: 1/1
    29 | D:1      | Reached skill level 5 in Fighting
   188 | D:1      | Reached skill level 1 in Polearms
   188 | D:1      | Reached XP level 2. HP: 29/29 MP: 2/2
   630 | D:1      | Reached skill level 2 in Polearms
   707 | D:2      | Reached XP level 3. HP: 32/36 MP: 3/3
   728 | D:2      | Reached skill level 3 in Polearms
  1044 | D:3      | Noticed IcySystem's ghost (amateur OpIE)
  1070 | D:3      | Killed IcySystem's ghost
  1070 | D:3      | Reached skill level 5 in Polearms
  1070 | D:3      | Reached XP level 4. HP: 38/42 MP: 4/4
  1070 | D:3      | Reached XP level 5. HP: 43/48 MP: 5/5
  1221 | D:3      | Reached skill level 6 in Polearms
  1249 | D:3      | Gained mutation: You are surrounded by a mild repulsion field. (EV +2) [potion of mutation]
  1249 | D:3      | Gained mutation: You have a beak for a mouth. [potion of mutation]
  1249 | D:3      | Gained mutation: You are weak. (Str -2) [potion of mutation]
  1249 | D:3      | Gained mutation: You are somewhat resistant to further mutation. [potion of mutation]
  1250 | D:3      | Lost mutation: You are weak. (Str -2) [potion of mutation]
  1250 | D:3      | Lost mutation: You are somewhat resistant to further mutation. [potion of mutation]
  1250 | D:3      | Lost mutation: You are surrounded by a mild repulsion field. (EV +2) [potion of mutation]
  1250 | D:3      | Lost mutation: You have a beak for a mouth. [potion of mutation]
  1250 | D:3      | Gained mutation: You are dopey. (Int -2) [potion of mutation]
  1250 | D:3      | Gained mutation: You have a pair of large horns on your head. [potion of mutation]
  1355 | D:3      | Noticed Robin
  1363 | D:3      | Killed Robin
  1389 | D:3      | Reached XP level 6. HP: 38/56 MP: 6/6
  1393 | D:3      | Reached skill level 7 in Polearms
  1853 | D:4      | HP: 1/56 [orc/trident (6)]
  1886 | D:5      | Entered Level 5 of the Dungeon
  2211 | D:4      | Learned a level 1 spell: Apportation
  2578 | D:4      | Reached skill level 8 in Polearms
  2642 | D:4      | Found a radiant altar of Vehumet.
  2822 | D:5      | Found Rutipueg's Food Shop.
  2846 | D:5      | Reached XP level 7. HP: 49/61 MP: 7/7
  2968 | D:5      | Reached skill level 9 in Polearms
  3030 | D:5      | Found a sparkling altar of Nemelex Xobeh.
  3031 | D:5      | Found an opulent altar of Gozag.
  3031 | D:5      | Found a shimmering altar of Xom.
  3031 | D:5      | Found a white marble altar of Elyvilon.
  3374 | D:5      | Found a staircase to the Ecumenical Temple.
  3380 | Temple   | Entered the Ecumenical Temple
  3730 | D:5      | Lost mutation: You are dopey. (Int -2) [potion of mutation]
  3730 | D:5      | Lost mutation: You have a pair of large horns on your head. [potion of mutation]
  3730 | D:5      | Gained mutation: Your system is resistant to poisons. (rPois) [potion of mutation]
  3730 | D:5      | Gained mutation: Scrolls take you a little longer to read. [potion of mutation]
  3730 | D:5      | Gained mutation: You are partially covered in rugged brown scales. (AC +1, +3% HP) [potion of mutation]
  3730 | D:5      | Gained mutation: You are resistant to hostile enchantments. (MR+) [potion of mutation]
  3731 | D:5      | Lost mutation: Scrolls take you a little longer to read. [potion of mutation]
  3731 | D:5      | Lost mutation: You are resistant to hostile enchantments. (MR+) [potion of mutation]
  3731 | D:5      | Lost mutation: Your system is resistant to poisons. (rPois) [potion of mutation]
  3731 | D:5      | Gained mutation: Your spells are a little easier to cast, but a little less powerful. [potion of mutation]
  3731 | D:5      | Gained mutation: You have a pair of large horns on your head. [potion of mutation]
  3731 | D:5      | Gained mutation: You are resistant to hostile enchantments. (MR+) [potion of mutation]
  4163 | D:6      | Reached skill level 10 in Polearms
  4432 | D:6      | Reached XP level 8. HP: 44/70 MP: 8/8
  4595 | D:6      | Found an iron altar of Okawaru.
  5056 | D:7      | Noticed Duvessa
  5084 | D:7      | Killed Duvessa
  5084 | D:7      | Reached skill level 11 in Polearms
  5084 | D:7      | Reached skill level 1 in Armour
  5084 | D:7      | Reached skill level 1 in Dodging
  5093 | D:7      | Noticed Dowan
  5114 | D:7      | Killed Dowan
  5238 | D:7      | Found a white marble altar of Elyvilon.
  5238 | D:7      | Found a runed door.
  5238 | D:7      | Noticed an angel
  5250 | D:7      | Found a snail-covered altar of Cheibriados.
  5318 | D:7      | Found a burning altar of Makhleb.
  5328 | D:7      | Noticed Joseph
  5347 | D:7      | HP: 1/70 [Joseph/sling bullet (17)]
  5347 | D:7      | Shot with a sling bullet by Joseph

Skill      XL: |  1  2  3  4  5  6  7  8 |
---------------+-------------------------+-----
Fighting       | 5 |  5.0
Evocations     | 2 |  2.0
Polearms       | 1 2 5 6 8 10 11 | 11.3
Armour         | 2 |  2.9
Dodging        | 3 |  3.2
Stealth        | |  1.0
Transmutations | |  2.4

Action                   |  1- 3 |  4- 6 |  7- 9 || total
-------------------------+-------+-------+-------++-------
Melee: Spear             |    89 |   164 |   281 ||   534
       Headbutt          |     6 |    22 |    40 ||    68
Evoke: Wand              |       |       |     1 ||     1
  Use: Potion            |     1 |     6 |     3 ||    10
       Scroll            |       |     9 |     4 ||    13
 Stab: Sleeping          |     4 |     3 |       ||     7
  Eat: Chunk             |       |     4 |     6 ||    10
       Royal jelly       |       |     1 |     1 ||     2
Armor: Robe              |     7 |     2 |       ||     9
       Skin              |    13 |       |       ||    13
       Leather armour    |       |    17 |    25 ||    42
       Plate armour      |       |       |    17 ||    17
Dodge: Dodged            |    28 |    38 |    37 ||   103
Block: Other             |       |       |    19 ||    19
       Reflection        |       |       |     2 ||     2
